 Dungeon Crawl Stone Soup version 0.17-a0-1442-g10bb59b (webtiles) character file.

34022 ztt the Severer (level 13, -2/117 HPs)
             Began as a Minotaur Fighter on June 27, 2015.
             Was the Champion of Okawaru.
             Slain by a hog (12 damage)
             ... led by Kirke
             ... on level 6 of the Lair of Beasts.
             The game lasted 00:27:41 (15163 turns).

ztt the Severer (Minotaur Fighter)                 Turns: 15163, Time: 00:27:41

Health: -2/117     AC:  0    Str: 25    XL:     13   Next: 39%
Magic:  13/13      EV: 17    Int:  5    God:    Okawaru [******]
Gold:   497        SH:  0    Dex: 11    Spells: 0 memorised, 12 levels left

rFire  . . .     SeeInvis .     (weapon currently unavailable)
rCold  . . .     Clarity  +     (armour currently unavailable)
rNeg   + + .     SustAt   .     (shield currently unavailable)
rPois  .         Gourm    .     (helmet currently unavailable)
rElec  .         Spirit   .     (cloak currently unavailable)
rCorr  .         Warding  +     (gloves currently unavailable)
rMut   .         Stasis   .     (boots currently unavailable)
MR     .....                    A - macabre finger necklace {Ward rN+}
Stlth  +.........               (ring currently unavailable)
                                (ring currently unavailable)
                                y - ring of positive energy

@: pig-form, manticore barbs, very quick, not resistant to hostile enchantments,
very unstealthy
A: (retaliatory headbutt), (horns 0), clarity
a: Heroism, Finesse, Renounce Religion


You were on level 6 of the Lair of Beasts.
You worshipped Okawaru.
Okawaru was exalted by your worship.
You were not hungry.
You were a filthy swine.
You visited 2 branches of the dungeon, and saw 15 of its levels.
You also visited: Sewer.

You collected 797 gold pieces.
You spent 300 gold pieces at shops.

Inventory:

Hand weapons
 d - a +0 arbalest
 r - a +1 hand axe of flaming
 M - a +2 broad axe of electrocution (melded)
Missiles
 v - 17 bolts
 w - 25 bolts of flame
 Q - 15 silver bolts
 V - 15 bolts of frost
Armour
 c - a +0 shield (melded)
 q - a +0 pair of gloves (melded)
 z - a +0 cloak (melded)
 B - a +0 plate armour (melded)
 G - a +1 pair of boots (melded)
 I - a +1 hat (melded)
Jewellery
 b - an uncursed amulet of faith {unknown}
 t - a +3 ring of protection (melded)
 y - a ring of positive energy (on amulet)
 A - the macabre finger necklace (around neck) {Ward rN+}
   (You found it on level 8 of the Dungeon)

   [amulet of warding]

   It may prevent the melee attacks of summoned creatures.
   It protects you from negative energy.
 C - a ring of poison resistance (melded)
 N - an uncursed amulet of resist corrosion
 W - an uncursed ring of fire
Magical devices
 u - a wand of digging (6)
 E - a wand of disintegration (12)
 J - a wand of disintegration (16)
 R - a wand of slowing (11)
 X - a wand of disintegration (10)
Scrolls
 h - a scroll of enchant armour
 k - 7 scrolls of remove curse
 m - 4 scrolls of fear
 x - a scroll of holy word
 F - a scroll of recharging
 L - 2 scrolls of blinking
 S - a scroll of teleportation
 T - 2 scrolls of enchant weapon
 U - a scroll of random uselessness {unknown}
Potions
 a - 3 potions of haste
 f - 4 potions of curing
 g - a potion of invisibility
 j - 2 potions of magic
 l - 3 potions of lignification
 o - 2 potions of cure mutation
 p - 2 potions of brilliance
 s - 4 potions of flight
 D - 2 potions of resistance
Books
 n - a book of Geomancy

   Spells                             Type                      Level
   a - Sandblast                      Earth                        1
   b - Stoneskin                      Transmutation/Earth          2
   c - Passwall                       Transmutation/Earth          3
   d - Stone Arrow                    Conjuration/Earth            3
   e - Petrify                        Transmutation/Earth          4
   f - Lee's Rapid Deconstruction     Earth                        5
 O - a Grand Grimoire

   Spells                             Type                      Level
   a - Monstrous Menagerie            Summoning                    6
   b - Summon Greater Demon           Summoning                    7
   c - Malign Gateway                 Summoning/Translocation      7
   d - Summon Horrible Things         Summoning                    8
 Y - a book of Annihilations

   Spells                             Type                      Level
   a - Poison Arrow                   Conjuration/Poison           6
   b - Chain Lightning                Conjuration/Air              8
   c - Lehudib's Crystal Spear        Conjuration/Earth            8
   d - Glaciate                       Conjuration/Ice              9
   e - Fire Storm                     Conjuration/Fire             9
 Z - a book of Death

   Spells                             Type                      Level
   a - Corpse Rot                     Necromancy                   2
   b - Sublimation of Blood           Necromancy                   2
   c - Agony                          Necromancy                   5
   d - Dispel Undead                  Necromancy                   5
   e - Excruciating Wounds            Charms/Necromancy            5
   f - Bolt of Draining               Conjuration/Necromancy       5
Comestibles
 e - 10 bread rations
 i - 5 meat rations
 H - 12 fruits
 K - a royal jelly
 P - 2 beef jerkies


   Skills:
 + Level 11.7 Fighting
 * Level 17.0 Axes
 * Level 9.6 Crossbows
 + Level 12.5 Armour
 + Level 6.5 Dodging
 - Level 3.6 Shields
 + Level 1.9 Invocations


You had 12 spell levels left.
You didn't know any spells.

Dungeon Overview and Level Annotations

Branches:
Dungeon (9/15)             Temple (0/1) D:7            Lair (6/8) D:9
 Shoals (0/4) Lair:3       Spider (0/4) Lair:6        Slime (0/6) Lair:6
    Orc: D:9-12

Altars:
Ashenzari
Cheibriados
Elyvilon
Makhleb
Okawaru
Sif Muna
Xom
The Shining One

Shops:
D:4 :   D:7 ?=[

Portals:
Ice
Cave: Lair:6
Volcano: Lair:6

Annotations:
D:4 urechis's ghost, experienced TrMo
Lair:6 exclusion: oklob plant, Kirke


Innate Abilities, Weirdness & Mutations

((You reflexively headbutt those who attack you in melee.))
((You have a pair of horns on your head.))
You possess an exceptional clarity of mind.


Message History

The manticore claws you.
* * * LOW HITPOINT WARNING * * *
The manticore barely misses you.
You hear the quick crackling of a distant melting archway.
You hear the quick rumble of a very distant avalanche of rocks.
The harpy screeches!
The harpy claws you!
* * * LOW HITPOINT WARNING * * *
The harpy barely misses you.
The harpy's attack is warded away.
The harpy barely misses you. x2
The harpy's attack is warded away.
The manticore closely misses you. The manticore closely misses you.
The manticore's attack is warded away.
The harpy screeches!
The harpy completely misses you.
The harpy's attack is warded away.
The hog bites you!
* * * LOW HITPOINT WARNING * * *
The harpy closely misses you.
The harpy's attack is warded away.
The manticore's attack is warded away. x2
The manticore closely misses you. The hog bites you!
You die...

#....##.#.#.........
##....#†...........#
#.....†.....[....##
#................P
#..................
##..................
#.H.................
##.H................
#hh#.P...P.........
##H.#.###P.###....#.
#..{h........ ...#.#
#............ ......
##........... .....
#............ ..#.
##.P#.†..P..# ....#
##.P......... ... #
#.P.P........ ...)##


You could see a manticore, 2 harpies and 2 hogs.

Vanquished Creatures
  Rupert (Lair:5)
  Snorg (Lair:3)
  3 hydras
  Harold (Lair:1)
  A catoblepas (Lair:3)
  Erica (Lair:1)
  7 death yaks (Lair:6)
  Urug (Lair:1)
  Sonja (Lair:1)
  The ghost of urechis the Grappler, an experienced VSMo (D:8)
  Pikel (D:7)
  4 black mambas
  A torpor snail (Lair:6)
  6 komodo dragons
  7 spiny frogs
  2 fire drakes
  The ghost of rogue the Chucker, an average OgHu (D:4)
  4 blink frogs (Lair:2)
  A spriggan (D:9)
  A deep elf mage (D:9)
  3 nagas (Lair:5)
  Grum (D:9)
  19 yaks
  4 hogs (Lair:6)
  7 wolves
  3 fire bats (Lair:6)
  3 hippogriffs
  4 sky beasts
  12 water moccasins
  10 porcupines
  4 ice beasts
  2 orc warriors
  8 spiders (Lair:6)
  A black bear (D:6)
  3 slaves (D:7)
  7 crocodiles
  4 ogres
  A brain worm (Lair:4)
  2 centaurs
  2 big kobolds
  9 giant frogs
  A wyvern zombie (D:9)
  A wyvern skeleton (D:9)
  2 scorpions (D:6)
  2 killer bees (D:7)
  8 crimson imps
  5 hounds
  5 jellies
  2 centaur skeletons
  A gnoll shaman (D:5)
  An orc priest (D:7)
  4 orc wizards
  4 iguanas
  7 sheep (Lair:6)
  12 worker ants
  A hound zombie (D:5)
  A hound skeleton (D:8)
  9 adders
  14 gnolls
  54 river rats
  A worker ant zombie (D:8)
  A shadow imp (D:6)
  4 oozes
  7 worms
  25 orcs
  2 bat zombies
  10 giant cockroaches
  7 goblins
  15 hobgoblins
  4 jackals
  2 quokkas
  12 bats
  6 giant geckos
  10 giant newts
  23 kobolds
  A quokka skeleton (D:4)
  13 rats
  4 fungi
  5 plants
441 creatures vanquished.

Vanquished Creatures (others)
  A quokka (D:7)
  2 fungi
3 creatures vanquished.

Grand Total: 444 creatures vanquished

Notes
Turn   | Place    | Note
--------------------------------------------------------------
     0 | D:1      | ztt the Minotaur Fighter began the quest for the Orb.
     0 | D:1      | Reached XP level 1. HP: 19/19 MP: 0/0
   300 | D:1      | Found a shattered altar of Ashenzari.
   327 | D:1      | Reached skill level 4 in Armour
   327 | D:1      | Reached XP level 2. HP: 25/27 MP: 1/1
   613 | D:1      | Reached XP level 3. HP: 33/33 MP: 2/2
   939 | D:2      | Reached skill level 5 in Armour
   939 | D:2      | Reached XP level 4. HP: 25/40 MP: 3/3
  1321 | D:2      | Found a white marble altar of Elyvilon.
  1580 | D:2      | Found a deep blue altar of Sif Muna.
  1997 | D:3      | Reached XP level 5. HP: 47/47 MP: 4/4
  2045 | D:3      | Reached skill level 5 in Fighting
  2063 | D:3      | Noticed a giant frog
  2071 | D:3      | Killed a giant frog
  2071 | D:3      | Reached skill level 1 in Dodging
  2870 | D:4      | Reached XP level 6. HP: 52/56 MP: 5/5
  2924 | D:4      | Reached skill level 6 in Armour
  3006 | D:4      | Reached skill level 5 in Axes
  3063 | D:4      | Found a shimmering altar of Xom.
  3238 | D:4      | Noticed rogue's ghost (average OgHu)
  3245 | D:4      | Killed rogue's ghost
  3245 | D:4      | Reached skill level 7 in Armour
  3245 | D:4      | Reached XP level 7. HP: 29/62 MP: 6/6
  3260 | D:4      | Found an iron altar of Okawaru.
  3273 | D:4      | Became a worshipper of Warmaster Okawaru
  3378 | D:4      | Paralysed by a crimson imp for 3 turns
  3409 | D:4      | Found a snail-covered altar of Cheibriados.
  3466 | D:4      | Noticed an ogre
  3475 | D:4      | Killed an ogre
  3532 | D:4      | Found a burning altar of Makhleb.
  3554 | D:4      | Found Teawna's Book Emporium.
  3622 | D:4      | Noticed urechis's ghost (experienced TrMo)
  3754 | D:5      | Entered Level 5 of the Dungeon
  3832 | D:5      | Acquired Okawaru's first power
  3832 | D:5      | Reached XP level 8. HP: 38/70 MP: 7/7
  4010 | D:5      | Found a glowing drain.
  4044 | Sewer    | Entered a sewer
  4142 | Sewer    | Found a white marble altar of Elyvilon.
  4238 | D:5      | Reached skill level 8 in Armour
  5410 | D:6      | Reached skill level 1 in Crossbows
  5557 | D:6      | Reached XP level 9. HP: 79/79 MP: 8/8
  5673 | D:6      | Reached skill level 9 in Axes
  6107 | D:7      | Found a staircase to the Ecumenical Temple.
  6187 | D:7      | Found Woixkod's Jewellery Emporium.
  6211 | D:7      | Bought an uncursed ring of poison resistance for 300 gold pieces
  6216 | D:7      | Found Poumm's Armour Emporium.
  6236 | D:7      | Reached skill level 5 in Dodging
  6313 | D:7      | Noticed Pikel
  6330 | D:7      | Killed Pikel
  6474 | D:7      | Found Cochoc's Magic Scroll Shop.
  6528 | D:7      | Reached skill level 10 in Axes
  6809 | D:7      | Found a glowing golden altar of the Shining One.
  7008 | D:8      | Received a gift from Okawaru
  7209 | D:8      | Noticed urechis's ghost (experienced VSMo)
  7222 | D:8      | Killed urechis's ghost
  7222 | D:8      | Reached skill level 11 in Axes
  7222 | D:8      | Reached XP level 10. HP: 71/88 MP: 6/9
  8089 | D:9      | Found a staircase to the Lair.
  8589 | D:9      | Noticed Grum
  8591 | D:9      | Reached skill level 5 in Crossbows
  8602 | D:9      | Killed Grum
  9012 | Lair:1   | Entered Level 1 of the Lair of Beasts
  9012 | Lair:1   | Noticed Erica
  9021 | Lair:1   | Reached skill level 12 in Axes
  9025 | Lair:1   | Killed Erica
  9025 | Lair:1   | Acquired Okawaru's second power
  9025 | Lair:1   | Reached skill level 10 in Armour
  9100 | Lair:1   | HP: 1/90 [komodo dragon (5)]
  9102 | Lair:1   | Received a gift from Okawaru
  9428 | Lair:1   | Received a gift from Okawaru
  9428 | Lair:1   | Reached XP level 11. HP: 93/97 MP: 8/10
  9611 | Lair:1   | Noticed Sonja
  9637 | Lair:1   | Killed Sonja
  9686 | Lair:1   | Noticed Harold
  9698 | Lair:1   | Reached skill level 1 in Invocations
  9712 | Lair:1   | Killed Harold
  9712 | Lair:1   | Reached skill level 13 in Axes
  9944 | Lair:1   | Noticed an eight-headed hydra
 10218 | Lair:1   | Killed a one-headed hydra
 10349 | Lair:1   | Noticed a black mamba
 10353 | Lair:1   | Killed a black mamba
 10458 | Lair:1   | Noticed Urug
 10467 | Lair:1   | Killed Urug
 10806 | Lair:2   | Noticed a black mamba
 10811 | Lair:2   | Killed a black mamba
 11008 | Lair:2   | Reached skill level 14 in Axes
 11015 | Lair:2   | Reached skill level 10 in Fighting
 11016 | Lair:2   | Received a gift from Okawaru
 11090 | Lair:2   | Received a gift from Okawaru
 11224 | Lair:2   | Reached XP level 12. HP: 95/106 MP: 12/12
 11942 | Lair:3   | Noticed Snorg
 11952 | Lair:3   | Killed Snorg
 12128 | Lair:3   | Noticed a six-headed hydra
 12138 | Lair:3   | Killed a one-headed hydra
 12138 | Lair:3   | Received a gift from Okawaru
 12243 | Lair:3   | Noticed a catoblepas
 12254 | Lair:3   | Killed a catoblepas
 12451 | Lair:3   | Found a staircase to the Shoals.
 12935 | Lair:4   | Reached skill level 15 in Axes
 13290 | Lair:4   | Noticed a five-headed hydra
 13302 | Lair:4   | Killed a one-headed hydra
 14006 | Lair:5   | Found a labyrinth entrance.
 14177 | Lair:5   | Found a staircase to the Snake Pit.
 14329 | Lair:5   | Noticed Rupert
 14351 | Lair:5   | Killed Rupert
 14351 | Lair:5   | Received a gift from Okawaru
 14351 | Lair:5   | Reached skill level 16 in Axes
 14641 | Lair:6   | Gained mutation: You possess an exceptional clarity of mind. [potion of beneficial mutation]
 14648 | Lair:6   | Found a frozen archway.
 14682 | Lair:6   | Reached XP level 13. HP: 81/116 MP: 13/13
 14751 | Lair:6   | Found a hole to the Spider Nest.
 14761 | Lair:6   | Received a gift from Okawaru
 14906 | Lair:6   | Found a staircase to the Slime Pits.
 14996 | Lair:6   | Found a dark tunnel.
 15136 | Lair:6   | Noticed Kirke
 15148 | Lair:6   | Reached skill level 17 in Axes
 15163 | Lair:6   | Slain by a hog

Vault maps used:
D:1:      lightli_arrival_maybe_door_vault, ashenzari_altar_1
D:2:      overflow_temple_1_default, lemuel_doored_altar, first_bread
D:3:      grunt_ministairs_4, st_stairs_1
D:4:      lemuel_crystal_altar, lemuel_round_altar, cheibriados_altar_1,
          led_xom_imps, serial_shops, nicolae_shop_waterfront
D:5:      gup_sewer_entry_glass, minmay_divided_ellipse
D:7:      nicolae_tso_carved_into_rock, minmay_temple_entry_junction,
          serial_shops, shop, shop_fountains, nicolae_shop_statue_plus,
          uniq_pikel
D:9:      minmay_lair_entry_lava, the_bakery, uniq_grum
Lair:1:   lemuel_fruit_tree, uniq_harold, uniq_urug, uniq_erica, uniq_sonja
Lair:3:   elwin_shoals_entry_rooms, uniq_snorg
Lair:5:   guppyfry_snake_entry_garden, lab_entry_generic, uniq_rupert
Lair:6:   spider_nest_entry_a, nicolae_slime_entry_slimehenge,
          portal_ice_cave_entry_pillars_02, nicolae_volcano_entry_batcave,
          minmay_lair_oklob_bushes, uniq_kirke
Sewer:    sewer_kobolds

Action                   |  1- 3 |  4- 6 |  7- 9 | 10-12 | 13-15 || total
-------------------------+-------+-------+-------+-------+-------++-------
Melee: War axe           |    12 |       |       |       |       ||    12
       Hand axe          |    36 |   169 |   421 |   257 |       ||   883
       Broad axe         |       |       |       |   356 |    85 ||   441
Invok: Heroism           |       |       |     1 |     5 |       ||     6
       Finesse           |       |       |       |       |     1 ||     1
  Use: Scroll            |       |    12 |     7 |     9 |     1 ||    29
       Potion            |       |     1 |     1 |     5 |     2 ||     9
  Eat: Chunk             |       |     2 |     7 |     4 |       ||    13
       Bread ration      |       |     1 |     1 |     3 |       ||     5
       Pizza             |       |       |     1 |     1 |       ||     2
       Royal jelly       |       |       |     1 |       |       ||     1
       Meat ration       |       |       |       |     1 |       ||     1
       Beef jerky        |       |       |       |     1 |       ||     1
       Fruit             |       |       |       |     1 |       ||     1
